 Dungeon Crawl Stone Soup version 0.18-a0-921-g28655ce (webtiles) character file.

1222 Duffy the Magician (level 8, -2/54 HPs)
             Began as a High Elf Fire Elementalist on Dec 27, 2015.
             Was a Follower of Cheibriados.
             Killed from afar by Dowan (15 damage)
             ... with a shard of ice
             ... on level 5 of the Dungeon.
             The game lasted 00:10:37 (6113 turns).

Duffy the Magician (High Elf Fire Elementalist)     Turns: 6113, Time: 00:10:38

Health: -2/54      AC: 10    Str: 17    XL:     8   Next: 23%
Magic:  1/19       EV: 11    Int: 22    God:    Cheibriados [*.....]
Gold:   157        SH:  0    Dex: 17    Spells: 3 memorised, 12 levels left

rFire  . . .     SeeInvis .     (no weapon)
rCold  + . .     Gourm    .     C - +1 ring mail {rC+}
rNeg   . . .     Faith    .     (no shield)
rPois  .         Spirit   .     q - +0 helmet
rElec  .         Dismiss  .     (no cloak)
rCorr  .         Reflect  .     p - +2 pair of gloves
SustAt .         Harm     .     (no boots)
MR     +....                    (no amulet)
Stlth  ++........               d - +6 ring of strength
                                h - ring of protection from magic

@: lethally poisoned (-2 -> -15), very slow, somewhat resistant to hostile
enchantments, unstealthy
A: no striking features
a: Bend Time, Renounce Religion


You were on level 5 of the Dungeon.
You worshipped Cheibriados.
Cheibriados was aware of your devotion.
You were near starving.

You visited 2 branches of the dungeon, and saw 6 of its levels.
You also visited: Ossuary.

You collected 157 gold pieces.


   Skills:
 - Level 4.0 Fighting
 - Level 2.1 Dodging
 - Level 2.1 Stealth
 - Level 6.8 Spellcasting
 + Level 5.5 Conjurations
 + Level 5.4 Fire Magic


You had 12 spell levels left.
You knew the following spells:

 Your Spells              Type           Power        Failure   Level  Hunger
a - Flame Tongue          Conj/Fire      ####.        1%          1    None
j - Sticky Flame          Conj/Fire      ####....     17%         4    ###....
l - Conjure Flame         Conj/Fire      ####....     6%          3    None

Inventory:

Missiles
 n - 44 arrows
 y - 6 tomahawks (quivered)
Armour
 a - a +0 robe
 p - a +2 pair of gloves (worn)
 q - a +0 helmet (worn)
 C - a +1 ring mail of cold resistance (worn)
Jewellery
 d - a +6 ring of strength (right hand)
 h - a ring of protection from magic (left hand)
Wands
 o - a wand of flame (27/48)
 u - a wand of digging (7/24)
Scrolls
 e - a scroll of fog
 f - a scroll of amnesia
 g - 6 scrolls of remove curse
 j - a scroll of fear {unknown}
 k - 3 scrolls of enchant weapon {unknown}
 l - a scroll of noise {unknown}
 m - 2 scrolls of enchant armour
 G - a scroll of immolation {unknown}
Potions
 i - 3 potions of curing
 r - 2 potions of mutation
 s - a potion of heal wounds
 t - a potion of degeneration
 v - 3 potions of brilliance {unknown}
 w - 2 potions of flight
 x - a potion of poison {unknown}
 A - a potion of lignification {unknown}
 B - a potion of cure mutation {unknown}
 F - a potion of might {unknown}
Books
 b - a book of Flames
Comestibles
 c - 5 bread rations
 z - a beef jerky
 D - 5 fruits
 E - a royal jelly

Dungeon Overview and Level Annotations

Branches:
Dungeon (5/15)             Temple (1/1) D:4

Altars:
Cheibriados
Dithmenos
Elyvilon
Fedhas
Kikubaaqudgha
Makhleb
Okawaru
Pakellas
Ru
Sif Muna
Trog
Xom
Yredelemnul
Zin
The Shining One

Annotations:
D:5 Dowan


Message History

Cast which spell? (? or * to list)
Aiming: Flame Tongue
Press: ? - help, Shift-Dir - straight line, f/p - Duvessa
Aim: Duvessa, wielding a short sword and wearing a dyed leather armour (almost dead, covered in liquid flames)
The flame tongue hits Duvessa.
Duvessa resists.
You kill Duvessa!
Cheibriados thoroughly appreciates the change of pace.
Cheibriados slows and strengthens your metabolism.
Cheibriados raises the support of your attributes as your movement slows.
Dowan seems overcome with grief, but rights himself reflexively soon after.
Dowan seems to find hidden reserves of power!
Dowan hits you but does no damage.
You are more poisoned.
Cast which spell? (? or * to list)
Aiming: Flame Tongue
Press: ? - help, Shift-Dir - straight line, f - Dowan
Aim: Dowan, wielding a dagger of venom and wearing a robe (fast)
The flame tongue hits Dowan.
Dowan is lightly wounded.
You feel sick. Dowan hits you but does no damage.
Drink which item? (? for menu, Esc to quit)
You feel much better. Dowan hits you with a dagger of venom.
You are more poisoned.
Dowan hits you but does no damage.
You are lethally poisoned!
Cast which spell? (? or * to list)
Aiming: Sticky Flame
Press: ? - help, Shift-Dir - straight line, f/p - Dowan
Aim: Dowan, wielding a dagger of venom and wearing a robe (lightly wounded, fast)
The sticky flame hits Dowan.
Dowan is moderately wounded.
Dowan is covered in liquid flames!
You feel sick.
Dowan burns!
Dowan points at you and mumbles some strange words.
The shard of ice hits you! You partially resist.
You die...

#...# #.# #. #...#
#.##.....
#####...####.##.#.#.
..###............#
.....
........[.......##.....
###......W....###.....
###W#.e..#### #.#.#.
#e#....# #.....
#@#....# #.#....#
#.##.#.# #......#
.###.### . .# . ..


You could see a phantom and Dowan (burning).

Action                   |  1- 3 |  4- 6 |  7- 9 || total
-------------------------+-------+-------+-------++-------
Melee: Unarmed           |     2 |     2 |     3 ||     7
 Cast: Flame Tongue      |    91 |   119 |   127 ||   337
       Conjure Flame     |       |     3 |     5 ||     8
       Sticky Flame      |       |     2 |     5 ||     7
  Use: Scroll            |       |     8 |     2 ||    10
       Potion            |       |       |     1 ||     1
  Eat: Chunk             |     3 |     6 |     2 ||    11
       Meat ration       |       |       |     1 ||     1

Notes
Turn   | Place    | Note
--------------------------------------------------------------
     0 | D:1      | Duffy the High Elf Fire Elementalist began the quest for the Orb.
     0 | D:1      | Reached XP level 1. HP: 11/11 MP: 4/4
   134 | D:1      | Reached skill level 2 in Conjurations
   220 | D:1      | Reached XP level 2. HP: 17/17 MP: 2/6
  1162 | D:2      | Reached XP level 3. HP: 21/21 MP: 6/8
  1270 | D:2      | Learned a level 3 spell: Conjure Flame
  1275 | D:2      | Reached skill level 3 in Spellcasting
  1354 | D:2      | Found a faded altar to an unknown god.
  1545 | D:2      | Reached skill level 3 in Conjurations
  1855 | D:2      | Reached XP level 4. HP: 24/27 MP: 6/10
  2414 | D:2      | Found a basalt altar of Yredelemnul.
  2506 | D:2      | Learned a level 4 spell: Sticky Flame
  2772 | D:3      | Reached skill level 4 in Conjurations
  2772 | D:3      | Reached XP level 5. HP: 29/31 MP: 0/11
  3186 | D:3      | Reached skill level 4 in Fire Magic
  3485 | D:4      | Reached skill level 4 in Spellcasting
  3599 | D:4      | Found a sand-covered staircase.
  3605 | Ossuary  | Entered an ossuary
  3791 | Ossuary  | Noticed zkyp's ghost (amateur OgCj)
  3827 | Ossuary  | Killed zkyp's ghost
  3827 | Ossuary  | Reached skill level 6 in Spellcasting
  3827 | Ossuary  | Reached XP level 6. HP: 15/36 MP: 0/16
  4109 | Ossuary  | Reached XP level 7. HP: 41/41 MP: 9/18
  4175 | Ossuary  | Reached skill level 1 in Fighting
  4313 | Ossuary  | Reached skill level 2 in Fighting
  4408 | Ossuary  | Reached skill level 3 in Fighting
  4758 | D:4      | Found a staircase to the Ecumenical Temple.
  4769 | Temple   | Entered the Ecumenical Temple
  4867 | Temple   | Became a worshipper of Cheibriados the Contemplative
  4944 | D:4      | Reached skill level 4 in Fighting
  5481 | D:4      | Found a burning altar of Makhleb.
  5482 | D:4      | Found a glowing golden altar of the Shining One.
  5734 | D:5      | Entered Level 5 of the Dungeon
  5771 | D:5      | Noticed Eustachio
  5887 | D:5      | Killed Eustachio
  5887 | D:5      | Reached skill level 5 in Conjurations
  5887 | D:5      | Reached skill level 5 in Fire Magic
  5887 | D:5      | Reached XP level 8. HP: 54/54 MP: 14/19
  6026 | D:5      | Found a shadowy altar of Dithmenos.
  6050 | D:5      | Noticed Dowan
  6052 | D:5      | Noticed Duvessa
  6110 | D:5      | Killed Duvessa
  6110 | D:5      | Reached * piety under Cheibriados
  6113 | D:5      | Killed from afar by Dowan

Vault maps used:
D:1:      grunt_arrival_lava_bath
D:2:      lemuel_zombie_altar_yredelemnul, ecumenical_altar_1
D:4:      gammafunk_temple_overflow_statue, minmay_temple_entry_large_hall,
          nicolae_ossuary_entry_ruins, first_bread,
          hangedman_abyss_or_decor_lesser_grid, hex_medium
D:5:      lemuel_doored_altar, grunt_dithmenos_smoke, uniq_duvessa,
          uniq_eustachio
Temple:   circular_temple_12
Ossuary:  ossuary_tomb_1

Vanquished Creatures
  The ghost of zkyp the Cudgeler, an amateur OgCj Eustachio Duvessa
  A phantom
  An elf zombie
  5 centaur zombies
  2 orc priests
  A quasit
  An orc wizard
  2 worker ants
  A human zombie
  A big kobold zombie
  2 mummies
  5 adders
  An adder skeleton
  2 adder zombies
  A worm
  17 orcs
  2 ball pythons
  9 giant cockroaches
  2 gnoll zombies
  10 goblins
  8 hobgoblins
  4 bats
  6 giant geckos
  7 giant newts
  13 hobgoblin zombies
  A jackal zombie
  6 kobolds
  9 kobold zombies
  4 orc zombies
  4 quokkas
  16 rats
147 creatures vanquished.
